Cool Beans, neutral female gnomish Healer ---- ---- ----..--- |..| --......%| |..--- ---........- --- --...---..^...---..| |... --......--...| --- ..- --- |......|----- -..--.| --.....| -..F.| ---- ---|....-- |..@.-----..| --.--...-| --.....--...-- --........--- |..G........| |.....*.....| | -- -------...........| |....-......| |..............)...........%.).| |..)......------- -- -------.....--.fG...-- |.>..).............- --.............h---[.........---- -- -- |..........-............-..(...-- - |....................................| --.-----------------^|.---------.----- -- ----- -- Cool Beans the Rhizotomist Experience level: 1 Strength: 8 Dexterity: 10 Constitution: 15 Intelligence: 8 Wisdom: 18 Charisma: 17 Health: 0(12) Energy: 7(7) Def: 6 Gold: 349 Moves: 2191 Dungeon seed: wg7JYAIKw-4VXPdE Game ID: Cool Beans_1517234549 Your Inventory: Coins $ - 349 gold pieces Amulets B - a cursed amulet of change Weapons a - an uncursed +0 scalpel w - 2 uncursed +0 elven daggers (wielded) R - 38 uncursed +0 arrows S - an uncursed +2 arrow T - an uncursed +0 magical arrow Armor e - an uncursed +1 pair of leather gloves (being worn) Comestibles l - 4 blessed eucalyptus leaves Scrolls n - an uncursed scroll of gold detection p - an uncursed scroll of confuse monster Spellbooks i - a blessed spellbook of extra healing j - a blessed spellbook of stone to flesh Potions c - 4 uncursed potions of healing d - 3 uncursed potions of extra healing f - a blessed potion of extra healing s - an uncursed potion of restore ability t - 2 uncursed potions of hallucination u - an uncursed potion of gain level U - a cursed potion of fruit juice V - an uncursed potion of gain ability Wands g - an uncursed wand of sleep (0:6) o - an uncursed wand of undead turning (0:5) Tools b - an uncursed stethoscope m - an uncursed oil lamp (0:1310) v - an uncursed magic whistle x - an uncursed sack z - an uncursed lock pick C - an uncursed expensive camera (0:59) H - an uncursed tallow candle (0:200) Gems q - 2 uncursed worthless pieces of yellow glass r - an uncursed worthless piece of blue glass y - an uncursed worthless piece of blue glass E - an uncursed worthless piece of yellowish brown glass N - an uncursed worthless piece of green glass Y - an uncursed worthless piece of white glass Spells and supernatural/magical abilities: Name Level Category Fail Memory h - healing 1 healing 0% 97% W - pray for help -- divine ? -- Your skills at the end: Fighting Skills wands [Basic] Weapon Skills knife [Basic] Spellcasting Skills healing spells [Basic] Final Attributes: You were immune to poison. You had infravision. You were protected. You are dead. Vanquished creatures: 2 large mimics a shrieker 2 dwarves 2 iguanas 2 coyotes 4 hobbits a large kobold a hobgoblin 4 giant rats 3 cave spiders a yellow mold 2 green molds a red mold 5 garter snakes a gnome zombie 2 geckos 2 jackals a goblin 4 sewer rats 7 grid bugs 2 lichens a kobold zombie 2 newts 53 creatures vanquished. Voluntary challenges: You used a wielded weapon 15 times, starting on turn 1304. You read items or engraved 7 times, starting on turn 6. You never genocided any monsters. You never polymorphed an object. You never changed form. You used no wishes. You never split a pudding. You wrote Elbereth's name 4 times, starting on turn 7. You never violated your personal moral code. Dungeon overview: The Dungeons of Doom: levels 1 to 2 Level 1 an altar to Poseidon a long staircase Level 2 stairs to The Gnomish Mines The Gnomish Mines: levels 3 to 6 Level 3 stairs to The Dungeons of Doom Level 4 Level 5 <- You were here Level 6 some shops, a temple to Poseidon, some fountains History has recorded: On T:1 you entered the Dungeons of Doom to retrieve the Amulet of Yendor! On T:282 you reached level 2 of The Dungeons of Doom. On T:690 you reached level 1 of The Gnomish Mines. On T:1058 you reached level 2 of The Gnomish Mines. On T:1061 you reached level 3 of The Gnomish Mines. On T:1144 you reached level 4 of The Gnomish Mines. Score breakdown: Gold: 0 ( 0 points) Experience: 1 level ( 0 points) Exploration: 6 levels ( 12.24%) ( 9682 points) Discoveries: 5 items ( 1.69%) ( 3905 points) Valuables value: (no points given unless you survive) Artifact value: 0 ( 0 points) Variety of kills: 23 monsters ( 6.05%) ( 7380 points) Turncount: 2191 turns ( -135 points) Survival: died (score multiplied by 80%) Total score: 16665 Latest messages: You stop eating. You see here a partly eaten male hobgoblin corpse. The large cat displaces the garter snake. The large cat bites the grid bug. The grid bug is killed! The large cat bites the grid bug. The grid bug is killed! The large cat bites the yellow mold. The large cat staggers... The large cat bites the yellow mold. The yellow mold is killed! The gnome suddenly disappears! The large cat looks a bit steadier now. You hit the brown mold. You are suddenly very cold! You miss the brown mold. The large cat displaces the gnome. You hit the brown mold. You are suddenly very cold! You die... The sack is empty. For some reason, you think that you can almost hear the Wizard laugh manically... Final status: Goodbye Cool Beans the Healer, killed by a brown mold... You died in The Gnomish Mines on dungeon level 5 with 16665 points, and 349 pieces of gold, after 2191 moves. You were level 1 with a maximum of 12 hit points when you died.